 Seeded DCSS version 0.32-a0-918-g0f22ef8d61 (webtiles) character file.

Game seed: 202404102 (custom seed)

247 Orlauf the Slasher (level 5, -4/42 HPs)
             Began as a Demonspawn Gladiator on Apr 10, 2024.
             Slain by an iguana (10 damage)
             ... on level 4 of the Dungeon.
             The game lasted 00:04:38 (2397 turns).

Orlauf the Slasher (Demonspawn Gladiator)           Turns: 2397, Time: 00:04:39

Health: -4/42      AC:  9    Str: 16    XL:     5   Next: 85%
Magic:  5/5        EV:  7    Int:  8    God:
Gold:   135        SH:  0    Dex: 23    Spells: 4/4 levels left

rFire   . . .        a - +0 long sword
rCold   . . .        (no shield)
rNeg    . . .        n - +0 chain mail
rPois   .            c - +0 helmet
rElec   .            (no cloak)
rCorr   .            (no gloves)
SInv    .            (no boots)
Will    .....        (no amulet) Stlth
                     g - +6 ring of dexterity
HPRegen 0.27/turn    (no ring)
MPRegen 0.09/turn

%: no passive effects
@: no status effects
A: thin skeletal structure 1, demonic magic 2
a: no special abilities


You were on level 4 of the Dungeon.
You visited 1 branch of the dungeon, and saw 4 of its levels.

You collected 135 gold pieces.

Inventory:

Hand Weapons
 a - a +0 long sword (weapon)
 b - the +4 short sword "Grim" {flame, Str+2 SInv}
   (You found it on level 2 of the Dungeon)

   Str+2:     It affects your strength (+2).
   SInv:      It lets you see invisible.
 f - a +0 dagger of venom
Missiles
 e - a javelin
 h - 5 boomerangs
 o - 4 poisoned darts
Armour
 c - a +0 helmet (worn)
 n - a +0 chain mail (worn)
Jewellery
 g - a +6 ring of dexterity (left hand)
Wands
 i - a wand of flame (27)
 k - a wand of warping (9)
 m - a wand of paralysis (13)
Scrolls
 j - 2 scrolls of immolation
Potions
 l - 3 potions of might
 p - a potion of cancellation
 q - a potion of heal wounds {unknown}


   Skills:
 + Level 3.9 Fighting
 * Level 5.1 Long Blades
 - Level 1.7 Throwing
 - Level 2.6 Dodging


You had 4 spell levels left.
You didn't know any spells.
Your spell library contained the following spells:

 Spells                   Type           Power      Damage    Failure   Level
 Apportation              Tloc           0%         N/A       99%         1
 Necrotise                Necr           0%         1d4       99%         1
 Sting                    Conj/Alch      0%         1d3       99%         1
 Summon Small Mammal      Summ           0%         N/A       99%         1
 Alistair's Intoxication  Alch           0%         N/A       100%        5
 Borgnjor's Vile Clutch   Necr/Erth      0%         N/A       100%        5
 Eringya's Noxious Bog    Alch           0%         4d6       100%        6


Dungeon Overview and Level Annotations

Branches:
Dungeon (4/15)
 Temple: D:4-7

Altars:


Innate Abilities, Weirdness & Mutations

You have a somewhat thin skeletal structure. (Dex +2, Stealth+)
Spells you cast may paralyse nearby enemies.


Message History

The ogre struggles against the net.
The net rips apart, and the ogre comes free!
You slash the ogre!
The ogre is almost dead.
The ogre hits you with a +0 giant club!
You slash the ogre!
You kill the ogre!
Your Long Blades skill increases to level 5!
There is an open door, spattered with blood here.
Things that are here:
a +0 giant club; a +0 falchion; a +0 leather armour
Found 4 gold pieces.
Found 7 stones.
A hobgoblin comes into view.
The hobgoblin shouts!
You hear an angry hiss.
You see here 4 gold pieces.
An iguana comes into view.
You closely miss the hobgoblin.
The hobgoblin hits you but does no damage.
The hobgoblin barely misses you.
You hit the hobgoblin.
The hobgoblin is moderately wounded.
The hobgoblin hits you.
You hit the hobgoblin.
You kill the hobgoblin!
Found a stone staircase leading down.
You hit the iguana.
The iguana is lightly wounded.
The iguana bites you!
You hit the iguana.
The iguana is moderately wounded.
The iguana bites you!
* * * LOW HITPOINT WARNING * * *
You hit the iguana but do no damage.
The iguana is moderately wounded.
The iguana barely misses you.
You closely miss the iguana.
The iguana is moderately wounded.
The iguana bites you!
You die...

#### >...... .....
....... ....... ......
......... ....#
......... ..).#
........##....########
..........l..........#
.........@..#........#
............#........#
............#........#
.......$....#........#
.##.(...........<....#
###.#..............#
#.#.##..#........#
..........###)####
########.......#


You could see an iguana.

Vanquished Creatures
  An ogre (D:4)
  An orc priest (D:3)
  A bombardier beetle (D:3)
  2 adders (D:2)
  2 dart slugs (D:1)
  A ribbon worm (D:2)
  8 orcs
  7 ball pythons
  4 bats
  6 endoplasms
  A giant cockroach (D:1)
  8 goblins
  5 hobgoblins
  9 jackals
  6 kobolds
  A quokka (D:1)
  2 frilled lizards
  6 rats
71 creatures vanquished.

Notes
Turn   | Place    | Note
-------+----------+-------------------------------------------
     0 | D:1      | Orlauf the Demonspawn Gladiator began the quest for the
                  | Orb.
     0 | D:1      | Reached XP level 1. HP: 16/16 MP: 1/1
    99 | D:1      | Reached skill level 3 in Long Blades
   114 | D:1      | Gained mutation: You have a somewhat thin skeletal
                  | structure. (Dex +2, Stealth+) [demonic ancestry]
   114 | D:1      | Reached XP level 2. HP: 20/22 MP: 2/2
   419 | D:1      | Gained mutation: Spells you cast may paralyse adjacent
                  | enemies. [demonic ancestry]
   419 | D:1      | Reached XP level 3. HP: 28/28 MP: 3/3
   464 | D:1      | Found a faded altar of an unknown god.
  1005 | D:2      | Reached skill level 4 in Long Blades
  1005 | D:2      | Reached XP level 4. HP: 35/35 MP: 4/4
  1113 | D:2      | Identified the +4 short sword "Grim" {flame, Str+2 SInv}
  1871 | D:3      | Gained mutation: Spells you cast may paralyse nearby
                  | enemies. [demonic ancestry]
  1871 | D:3      | Reached XP level 5. HP: 41/41 MP: 5/5
  2356 | D:4      | Noticed an ogre
  2375 | D:4      | Killed an ogre
  2376 | D:4      | Reached skill level 5 in Long Blades
  2397 | D:4      | Slain by an iguana

Illustrated notes

Levels and vault maps discovered:
D:1:      minmay_arrival_arboretum_small, layout_rooms,
          dreamdust_ecumenical_altar_hidden_monk_grotto, roderic_serpentine_path
D:2:      layout_loops_ring
D:3:      layout_loops_corners
D:4:      layout_basic, gup_sewer_entry_spiral, ebering_ghost_sewer_d

Skill      XL: |  1  2  3  4  5 |
---------------+----------------+-----
Long Blades    | 3 4 5 |  5.1
Fighting       | 3 |  3.9
Throwing       | |  1.7
Dodging        | |  2.6

Action                     |  1- 3 |  4- 6 || total
---------------------------+-------+-------++-------
  Melee: Long sword        |   103 |    55 ||   158
  Throw: Throwing net      |     1 |     2 ||     3
    Use: Scroll            |     1 |     6 ||     7
   Stab: Held in net/web   |     1 |     2 ||     3
         Sleeping          |     7 |       ||     7
         Distracted        |     1 |       ||     1
 Armour: Leather armour    |    45 |       ||    45
         Chain mail        |       |    40 ||    40
  Dodge: Dodged            |    80 |    16 ||    96

Table legend: (Time is in decaauts)
 A = Elapsed time spent in this place.
 B = Non-inter-level travel time spent in this place.
 C = Inter-level travel time spent in this place.
 D = Time resting spent in this place.
 E = Time spent auto-exploring this place.
 F = Levels seen in this place.
 G = Mean time per level.
                   A        B        C        D        E       F      G
               +--------+--------+--------+--------+--------+-----+--------+
         Total |   2427 |   2246 |    181 |    138 |   1461 |   4 |  606.8 |
       Dungeon |   2427 |   2246 |    181 |    138 |   1461 |   4 |  606.8 |
               +--------+--------+--------+--------+--------+-----+--------+

Top non-repeatable levels by time:
     D:3: 950 daAuts
     D:1: 757 daAuts
     D:2: 676 daAuts
     D:4: 43 daAuts
